 Dungeon Crawl Stone Soup version 0.19.0 (webtiles) character file.

163 Jorund the Chopper (level 5, 0/41 HPs)
             Began as a Demonspawn Fighter on Nov 1, 2016.
             Was an Initiate of Okawaru.
             Slain by a gnoll
             ... wielding a +0 spear
              (10 damage)
             ... on level 3 of the Dungeon.
             The game lasted 00:04:07 (2761 turns).

Jorund the Chopper (Demonspawn Fighter)             Turns: 2761, Time: 00:04:07

Health: 0/41       AC:  6    Str: 17    XL:     5   Next: 20%
Magic:  5/5        EV:  9    Int:  9    God:    Okawaru [......]
Gold:   134        SH:  0    Dex: 13    Spells: 0 memorised, 4 levels left

rFire  . . .     SeeInvis .     a - +0 war axe
rCold  . . .     Gourm    .     b - +0 scale mail
rNeg   . . .     Faith    .     (no shield)
rPois  .         Spirit   .     (no helmet)
rElec  .         Reflect  .     (no cloak)
rCorr  .         Harm     .     (no gloves)
MR     .....                    (no boots)
Stlth  ..........               (no amulet)
                                (no ring)
                                (no ring)

@: no status effects
A: hooves 1
a: Renounce Religion


You were on level 3 of the Dungeon.
You worshipped Okawaru.
Okawaru was noncommittal.
You were not hungry.

You visited 1 branch of the dungeon, and saw 3 of its levels.

You collected 134 gold pieces.

Inventory:

Hand Weapons
 a - a +0 war axe (weapon)
Missiles
 h - 2 throwing nets (quivered)
Armour
 b - a +0 scale mail (worn)
 c - a +0 shield
Wands
 e - a wand of lightning (6/15)
Potions
 d - a potion of might
 g - a potion of lignification {unknown}
 l - 2 potions of curing
 m - 2 potions of brilliance
 p - a potion of heal wounds {unknown}
 q - a potion of degeneration {unknown}
 r - a potion of flight {unknown}
Comestibles
 f - 2 bread rations
 i - a meat ration
 j - 2 chunks of flesh
 n - 2 royal jellies
 o - 7 fruits


   Skills:
 - Level 3.0 Fighting
 + Level 5.0 Axes
 - Level 2.6 Armour
 - Level 2.6 Shields


You had 4 spell levels left.
You didn't know any spells.

Dungeon Overview and Level Annotations

Branches:
Dungeon (3/15)

Altars:
Hepliaklqana
Nemelex Xobeh
Okawaru
Qazlal
Sif Muna
Trog
Uskayaw
Vehumet
Xom
Zin


Innate Abilities, Weirdness & Mutations

You have large cloven feet.


Message History

The net rips apart, and the gnoll comes free!
You barely miss the gnoll. The gnoll hits you with a spear.
You hit the gnoll. You kick the gnoll, but do no damage.
The gnoll is lightly wounded.
The gnoll hits you with a spear. The gnoll hits you but does no damage.
You hit the gnoll but do no damage.
The gnoll is lightly wounded.
The gnoll hits you with a spear.
* * * LOW HITPOINT WARNING * * *
You completely miss the gnoll.
The gnoll is lightly wounded.
The gnoll hits you but does no damage.
You completely miss the gnoll. Your kick misses the gnoll.
The gnoll is lightly wounded.
The gnoll hits you with a spear.
* * * LOW HITPOINT WARNING * * *
You hit the gnoll. Your kick misses the gnoll.
The gnoll is heavily wounded.
The gnoll hits you with a spear!
You die...

###.###.##.....#%#
###.....######.#.#
......g..gg....#.#
......########.#.#
...[..g......#.#.#
......######.#.#.#
..........##.#.#.#
#####[#......#.#.#
#.#..#####.#@#
#####.#g.#####.#g#
......#...)).).#.#
#....##.########.#
+............g...#
#....##.##########
..(..##)#
#.#####.#
#.......#


You could see a gnoll.

Vanquished Creatures
  Robin (D:2)
  3 adders
  3 gnolls (D:3)
  2 worms (D:3)
  2 dart slugs (D:1)
  4 leopard geckos
  4 orcs (D:3)
  A ball python (D:1)
  2 giant cockroaches
  11 goblins
  12 hobgoblins
  5 jackals
  9 bats
  5 frilled lizards
  5 kobolds
  7 rats
76 creatures vanquished.

Notes
Turn   | Place    | Note
-------+----------+-------------------------------------------
     0 | D:1      | Jorund the Demonspawn Fighter began the quest for the Orb.
     0 | D:1      | Reached XP level 1. HP: 18/18 MP: 1/1
    10 | D:1      | Reached skill level 2 in Axes
    74 | D:1      | Gained mutation: You have large cloven feet. [demonic ancestry]
    74 | D:1      | Reached XP level 2. HP: 9/24 MP: 2/2
   690 | D:2      | Reached skill level 3 in Axes
   870 | D:2      | Reached XP level 3. HP: 18/29 MP: 3/3
  1473 | D:2      | Noticed Robin
  1893 | D:2      | Reached XP level 4. HP: 35/35 MP: 4/4
  1904 | D:2      | Killed Robin
  1904 | D:2      | Reached skill level 4 in Axes
  1938 | D:2      | Found a glowing silver altar of Zin.
  1939 | D:2      | Found a radiant altar of Vehumet.
  1942 | D:2      | Found a hazy altar of Hepliaklqana.
  1943 | D:2      | Found a stormy altar of Qazlal.
  1943 | D:2      | Found a shimmering altar of Xom.
  1943 | D:2      | Found an iron altar of Okawaru.
  1943 | D:2      | Found a hide-covered altar of Uskayaw.
  1944 | D:2      | Found a deep blue altar of Sif Muna.
  1946 | D:2      | Found a bloodstained altar of Trog.
  1948 | D:2      | Found a sparkling altar of Nemelex Xobeh.
  1952 | D:2      | Became a worshipper of Warmaster Okawaru
  2687 | D:3      | Reached XP level 5. HP: 13/41 MP: 5/5
  2692 | D:3      | Reached skill level 5 in Axes
  2761 | D:3      | Slain by a gnoll

Skill      XL: |  1  2  3  4  5 |
---------------+----------------+-----
Axes           | 2 3 4 5 |  5.0
Fighting       | |  3.0
Armour         | |  2.6
Shields        | |  2.6

Action                   |  1- 3 |  4- 6 || total
-------------------------+-------+-------++-------
Melee: War axe           |   134 |   120 ||   254
       Kick              |    28 |    21 ||    49
Throw: Throwing net      |       |     1 ||     1
  Use: Scroll            |       |     5 ||     5
       Potion            |       |     2 ||     2
  Eat: Chunk             |     3 |     3 ||     6
Armor: Scale mail        |    77 |    61 ||   138
Dodge: Dodged            |    47 |    60 ||   107
Block: Shield            |    69 |       ||    69
